 Dungeon Crawl Stone Soup version 0.30.0-19-g36f170ea60 (webtiles) character file.

Game seed: 13384657344038472327

63 cdecastro the Shooter (level 4, 0/25 HPs)
             Began as a Kobold Hexslinger on May 28, 2023.
             Succumbed to an adder's poison
             ... on level 2 of the Dungeon.
             The game lasted 00:03:44 (1184 turns).

cdecastro the Shooter (Kobold Hexslinger)           Turns: 1184, Time: 00:03:44

Health: 0/25       AC:  6    Str:  7    XL:     4   Next: 30%
Magic:  5/5        EV: 14    Int: 16    God:
Gold:   51         SH:  0    Dex: 15    Spells: 4/5 levels left

rFire   . . .        a - +1 sling
rCold   . . .        (no shield)
rNeg    . . .        i - +0 leather armour
rPois   .            (no helmet)
rElec   .            (no cloak)
rCorr   .            e - +2 pair of gloves
SInv    .            (no boots)
Will    .....        (no amulet)
Stlth   ++           (no ring)
HPRegen 0.24/turn    (no ring)
MPRegen 0.09/turn

%: no passive effects
@: mighty, lethally poisoned (0 -> -2)
A: small, no large weapons, nightstalker 3
a: no special abilities


You were on level 2 of the Dungeon.
You visited 1 branch of the dungeon, and saw 2 of its levels.

You collected 51 gold pieces.

Inventory:

Hand Weapons
 a - a +1 sling (weapon)
 b - a +0 dagger
Missiles
 f - 3 poisoned darts
Armour
 c - a +0 robe
 e - a +2 pair of gloves (worn)
 i - a +0 leather armour (worn)
Scrolls
 g - a scroll of identify {unknown}
 j - a scroll of poison
Potions
 d - a potion of might
 h - a potion of berserk rage {unknown}


   Skills:
 - Level 1.1 Fighting
 * Level 4.9 Ranged Weapons
 - Level 2.4 Dodging
 - Level 1.1 Spellcasting
 + Level 3.6 Hexes


You had 4 spell levels left.
You knew the following spells:

 Your Spells              Type           Power      Damage    Failure   Level
a - Slow                  Hex            48%        N/A       8%          1

Your spell library contained the following spells:

 Spells                   Type           Power      Damage    Failure   Level
 Inner Flame              Hex/Fire       6%         N/A       43%         3
 Portal Projectile        Hex/Tloc       12%        N/A       43%         3
 Cause Fear               Hex            6%         N/A       58%         4


Dungeon Overview and Level Annotations

Branches:
Dungeon (2/15)

Altars:

Shops:
D:2 [

Annotations:
D:2 Sigmund, Terence


Innate Abilities, Weirdness & Mutations

You are small and have problems with some larger weapons.
You are completely attuned to the shadows.


Message History

You shoot a sling bullet.
The sling bullet closely misses the adder.
The adder closely misses you. The goblin hits you but does no damage.
The adder closely misses you. The goblin hits you with a +0 dagger.
* * * LOW HITPOINT WARNING * * *
Unknown command.
You shoot a sling bullet.
The sling bullet barely misses the adder.
The adder closely misses you. The goblin closely misses you.
The adder bites you.
* * * LOW HITPOINT WARNING * * *
You are poisoned.
The adder poisons you!
You shoot a sling bullet.
The sling bullet barely misses the adder.
* * * LOW HITPOINT WARNING * * *
You feel sick. The adder bites you but does no damage.
The goblin barely misses you.
Unknown command.
You shoot a sling bullet.
The sling bullet hits the adder but does no damage.
The adder is almost dead.
* * * LOW HITPOINT WARNING * * *
You feel sick. The adder bites you but does no damage.
The goblin completely misses you. The adder bites you but does no damage.
Unknown command.
You shoot a sling bullet. The sling bullet hits the adder.
You kill the adder!
* * * LOW HITPOINT WARNING * * *
You feel sick. The goblin hits you but does no damage.
Unknown command.
You shoot a sling bullet.
The sling bullet closely misses the goblin.
* * * LOW HITPOINT WARNING * * *
You feel sick. The goblin misses you. The goblin hits you with a +0 dagger.
* * * LOW HITPOINT WARNING * * *
Unknown command.
It was a potion of might.
You feel very mighty all of a sudden.
You die...

##...####.......
#. #...# ######.#
#.# ##...# #...
#.###...## #.##
#>..############.#
##.## .......##.#
#####.##
#.......##.##
.......#
#............
##.g@.#
#.......##.##
#.#†.#
#.......##.##
#.#..#
#..^...###...
#.#..#
#..##..######
#g#..#
#.###........
#....∩...####
.....##....#
#.##..#####.#
#.##..#......


You could see a goblin.

Vanquished Creatures
  2 adders (D:2)
  4 dart slugs
  5 endoplasms
  6 jackals
  2 kobolds (D:1)
  A quokka (D:1)
  3 ball pythons (D:1)
  3 bats (D:1)
  3 frilled lizards
  5 goblins
  2 rats (D:1)
36 creatures vanquished.

Notes
Turn   | Place    | Note
-------+----------+-------------------------------------------
     0 | D:1      | cdecastro the Kobold Hexslinger began the quest for the
                  | Orb.
     0 | D:1      | Reached XP level 1. HP: 12/12 MP: 2/2
    35 | D:1      | Reached skill level 3 in Ranged Weapons
    88 | D:1      | Reached XP level 2. HP: 16/16 MP: 3/3
   349 | D:1      | Reached XP level 3. HP: 20/20 MP: 4/4
   373 | D:1      | Reached skill level 4 in Ranged Weapons
  1021 | D:2      | Noticed Terence
  1053 | D:2      | Noticed Sigmund
  1092 | D:2      | Found Tecom's Armour Boutique.
  1114 | D:2      | Reached XP level 4. HP: 25/25 MP: 5/5
  1183 | D:2      | HP: 1/25 [goblin/+0 dagger (2)]
  1184 | D:2      | Succumbed to an adder's poison

Illustrated notes

Levels and vault maps discovered:
D:1:      wander_arrival_fairy_ring, layout_basic
D:2:      layout_loops_cross, serial_shops, nicolae_square_shop, uniq_terence,
          uniq_sigmund

Skill      XL: |  1  2  3 |
---------------+----------+-----
Ranged Weapons | 3 4 |  4.9
Fighting       | |  1.1
Dodging        | |  2.4
Spellcasting   | |  1.1
Hexes          | |  3.6

Action                     |  1- 3 |  4- 6 || total
---------------------------+-------+-------++-------
   Fire: Sling             |   101 |    27 ||   128
   Cast: Slow              |     5 |       ||     5
    Use: Potion            |       |     1 ||     1
 Armour: Robe              |    10 |       ||    10
         Leather armour    |     2 |    14 ||    16
  Dodge: Dodged            |    45 |    23 ||    68
